[Event "*** SCC Grand Prix: Titled Tuesday Blitz"]
[Site "Chess.com"]
[Date "2020.08.11"]
[Round "7"]
[White "amintabatabaei"]
[Black "GadimbayliA"]
[Result "0-1"]
[WhiteElo "3023"]
[BlackElo "2875"]
[TimeControl "180+1"]
[EndTime "11:19:53 PDT"]
[Termination "GadimbayliA won by resignation"]

1. e4 e5 2. Nf3 d5 3. Nxe5 Bd6 4. d4 dxe4 5. Nc4 Nf6 6. Nxd6+ Qxd6 7. Be2 O-O 8. O-O Nc6 9. c3 Bf5 10. Nd2 Rfe8 11.
Nc4 Qd7 12. Bg5 Nd5 13. Ne3 h6 14. Bh4 Nf4 15. Bg3 Nxe2+ 16. Qxe2 Bg6 17. Rad1 Ne7 18. d5 Nf5 19. Nxf5 Qxf5 20. Qe3 Rad8 21. c4 Rd7 22.
Rfe1 b6 23. Rd4 Qh5 24. b4 Kh7 25. h3 Kg8 26. Red1 Red8 27. a4 Kh7 28. R1d2 Kg8 29. Kh2 Kh7 30. Bf4 Qf5 31. Qg3 c6 32. Qg4 Qxg4 33. hxg4 c5 34. bxc5 bxc5 35. Kg3 cxd4 36. Rxd4 f6 37. Bd2 Rc8 38. Ba5 Rb7 39. d6 Be8 40.
Rxe4 Bxa4 41. c5 Bc6 42. Rd4 Rd7 43. f3 Rb8 44. Kf4 Kg6 45. Bb4 Rb5 46. Ba3 Rb3 47. Bb4 Kf7 48. Kf5 g6+ 49. Kf4 Ke6 50. Ba5 g5+ 51. Kg3 Rb5 52. Bb4 a5 53. Ba3 Rb3 54. Bc1 Rc3 55. Rd1 Rxc5 56. Ba3 Rd5 57. Re1+ Kf7 58. Rh1 Kg6 59. Rc1 R5xd6 60. Bxd6 Rxd6 61. Rc5 a4 62. Ra5 Rd8 63. Ra6 Rc8 64. Kf2 Kf7 65. g3 Ke6 66. f4 Kd6 67. Ke3 Ra8 68.
Rb6 a3 69. Rb1 a2 70. Ra1 Bd5 71. Kd4 Ra4+ 72. Kc3 gxf4 73. gxf4 Kc5 74. f5 Rxg4 75. Kb2 Kb4 76. Rf1 h5 77. Re1 h4 78. Ka1 h3 79. Rd1 h2 80. Rc1 Rg1 81. Kb2 Rxc1 82. Kxc1 a1=Q+ 0-1

[Event "*** SCC Grand Prix: Titled Tuesday Blitz"]
[Site "Chess.com"]
[Date "2020.08.11"]
[Round "7"]
[White "KuzubovYuriy"]
[Black "Firouzja2003"]
[Result "0-1"]
[WhiteElo "2826"]
[BlackElo "3036"]
[TimeControl "180+1"]
[EndTime "11:20:06 PDT"]
[Termination "Firouzja2003 won on time"]

1. d4 d5 2. c4 e6 3. Nf3 Nf6 4. g3 Bb4+ 5. Bd2 Bd6 6. Nc3 dxc4 7. e4 Be7 8. Bxc4 a6 9. a4 Nc6 10. e5 Nd5 11. Nxd5 exd5 12. Be2 Bh3 13. Bf1 Bg4 14.
Bc3 O-O 15. h3 Bh5 16. Bd3 f6 17. g4 Bg6 18. Bxg6 hxg6 19. Qd3 fxe5 20. dxe5 Nb4 21.
Bxb4 Bxb4+ 22. Kf1 c6 23. Kg2 Rf4 24. Qxg6 Qe8 25. Qd3 Qe7 26. Rhf1 Raf8 27. Ng1 Bc5 28. f3 Bxg1 29. Kxg1 Qxe5 30. Rf2 Rd4 31. Qc3 Qg3+ 32. Rg2 Qf4 33. Rf1 Rxa4 34. Re2 Rc4 35. Qe1 Rd4 36.
Kg2 Rd3 37. Qf2 a5 38. Re7 Rd2 39. Re2 Rxe2 40. Qxe2 a4 41. Qe6+ Kh8 42. Rf2 d4 43. Qd7 Qe5 44. Qxb7 Qd5 45. Qe7 Kg8 46. Qb4 d3 47. Qxa4 d2 48. Qd1 Rd8 49. Re2 Qd3 50. Rf2 c5 51. b3 Kh8 52. Kg3 Qc3 53. Kg2 Qc1 54. Rf1 Qc3 55. Rf2 Qd3 56. Kg3 Qe3 57.
Kg2 Rd4 58. Rf1 Rd3 59. Rf2 Rd5 60. Kf1 Rd6 61. Kg2 Rd3 62. Kf1 Kg8 63. Kg2 Kf7 64. Kf1 Kf6 65. h4 Kf7 66. Kg2 Kg8 67. Kf1 Rd4 68.
Kg2 Qe1 69. Rf1 Qe3 70. Rf2 Kf7 71. Kf1 Rd3 72. Kg2 Kf6 73. Kf1 Kg6 74. Kg2 Kh6 75. Kf1 g6 76. Kg2 Kh7 77. Kf1 Rd4 78. Kg2 Rd7 79. Kf1 Qd3+ 80. Kg2 Qc3 81. Rf1 Kg7 82. Rf2 Kh7 83. Rf1 Qb2 84. Rf2 Qd4 85. Rf1 Qf6 86.
Qe2 Qxh4 87. Rd1 Qg5 88. Kf2 Kg7 89. Qe3 Qh4+ 90. Kg2 Qd8 91. Qe5+ Qf6 0-1

[Event "*** SCC Grand Prix: Titled Tuesday Blitz"]
[Site "Chess.com"]
[Date "2020.08.11"]
[Round "7"]
[White "Murad_Ibrahimli"]
[Black "Shield12"]
[Result "1/2-1/2"]
[WhiteElo "2701"]
[BlackElo "2851"]
[TimeControl "180+1"]
[EndTime "11:20:26 PDT"]
[Termination "Game drawn by repetition"]

1. d4 Nf6 2. c4 e6 3. Nf3 d5 4. Nc3 Bb4 5. cxd5 exd5 6. Bg5 h6 7. Bxf6 Qxf6 8. Qa4+ Nc6 9. e3 O-O 10. Be2 Be6 11.
O-O a6 12. Rac1 Bd6 13. Qd1 Na7 14. Na4 c6 15. Nc5 Qe7 16. Ne1 Bf5 17. Bd3 Bc8 18.
Qf3 Re8 19. Bf5 Nb5 20. Bxc8 Raxc8 21. a4 Na7 22. Ned3 a5 23. g3 b6 24. Nb3 Rc7 25.
Rc2 Rec8 26. Rfc1 Qd7 27. Kg2 g6 28. h4 h5 29. Nd2 f5 30. Nb1 Kg7 31. Nc3 Re8 32. Ne2 Nc8 33. Nef4 Na7 34. Nh3 Qe7 35. Ng5 Qd7 36. Qe2 Qe7 37. Kg1 c5 38. dxc5 bxc5 39. Qf3 c4 40. Nf4 Bxf4 41. Qxf4 Nc6 42. Rd2 Nb4 43.
Ne6+ Qxe6 44. Qxc7+ Re7 45. Qxa5 Nd3 46. Rxd3 cxd3 47.
Qc3+ Qf6 48. Qxd3 Qxb2 49. Qc3+ Qxc3 50. Rxc3 Ra7 51. Ra3 Kf6 52. Kf1 Ke5 53. a5 d4 54. Ke2 Ra6 55. exd4+ Kxd4 56. Kf3 Ke5 57. Ra4 Ke6 58. Kf4 Kf6 59. f3 Kf7 60. Kg5 Kg7 61.
f4 Kf7 62. Rb4 Rxa5 63. Rb7+ Ke6 64. Kxg6 Ra3 65. Rb6+ Ke7 66. Kxf5 Rxg3 67. Rh6 Kf7 68. Rh7+ Kg8 69. Rxh5 Ra3 70. Kg4 Ra1 71. Rb5 Kf7 72. Rb7+ Kf6 73. Rb6+ Kf7 74. Kg5 Rg1+ 75. Kf5 Ra1 76.
Rb7+ Kg8 77. Kg5 Rg1+ 78. Kf6 Rg4 79. f5 Rxh4 80. Rb8+ Kh7 81. Kf7 Ra4 82. Rb7 Ra6 83. f6 Rc6 84. Re7 Rc8 85. Ke6+ Kg8 86. Rg7+ Kf8 87.
Rh7 Rc6+ 88. Kf5 Rc1 89. Rh8+ Kf7 90. Rh7+ Kf8 91. Ra7 Rf1+ 92. Ke5 Re1+ 93. Kf5 Rf1+ 94. Ke6 Re1+ 95. Kf5 Rf1+ 1/2-1/2

[Event "*** SCC Grand Prix: Titled Tuesday Blitz"]
[Site "Chess.com"]
[Date "2020.08.11"]
[Round "7"]
[White "Rubinstein_Akiba"]
[Black "praveenb2002"]
[Result "1/2-1/2"]
[WhiteElo "2450"]
[BlackElo "2726"]
[TimeControl "180+1"]
[EndTime "11:20:53 PDT"]
[Termination "Game drawn - insufficient material"]

1. e4 c5 2. Be2 Nc6 3. f4 g6 4. Nf3 Bg7 5. O-O d6 6. d3 Nf6 7. Qe1 O-O 8. Qh4 b5 9. f5 gxf5 10. Bh6 Bxh6 11. Qxh6 Ng4 12. Qh5 f6 13. exf5 Ne3 14. Rc1 Nxf5 15. Nbd2 Qe8 16. Qh3 Nfd4 17.
Qg3+ Kh8 18. Bf1 Rg8 19. Qf2 Bb7 20. c3 Nf5 21. Re1 Qg6 22. a4 b4 23. Nc4 bxc3 24. bxc3 Ne5 25. Ncxe5 fxe5 26. g3 Raf8 27. Bg2 Nh4 28.
Nxh4 Qxd3 29. Qe2 Qxe2 30. Rxe2 Ba6 31. Rd2 Rb8 32. Bd5 Rgf8 33. Ng2 c4 34. Ne3 Rb3 35. Rc2 Rc8 36. Kg2 Rc5 37. Kf3 Rxd5 38. Nxd5 Bb7 39. Ke3 Bxd5 40. Rf1 Ra3 41. Rf8+ Kg7 42. Re8 Kf7 43.
Rh8 Rxa4 44. Rxh7+ Ke6 45. Rh6+ Kd7 46. g4 Ra1 47. g5 Rg1 48. h4 Rg3+ 49. Kd2 Be4 50.
Rc1 Rg2+ 51. Ke3 Bf5 52. Kf3 Rd2 53. g6 Rd3+ 54. Kg2 Be4+ 55. Kf2 Bd5 56. g7 Rf3+ 57. Ke2 Rg3 58. Rh7 Be4 59. Rh8 Bd3+ 60. Kd2 Rxg7 61. Ra1 Rg2+ 62. Ke3 Ke6 63. Rxa7 Kf5 64. Rxe7 Rg3+ 65.
Kf2 Rh3 66. Rf7+ Ke4 67. h5 d5 68. h6 d4 69. cxd4 exd4 70. Re8+ Kd5 71. Rd7+ Kc5 72. Rc8+ Kb4 73. Rxd4 Rxh6 74. Ke3 Re6+ 75. Kf2 Kc3 76. Rdd8 Re2+ 77. Kf3 Re7 78. Rc6 Kb4 79. Rb6+ Kc5 80. Rbd6 Be4+ 81. Kf4 Bc2 82. Rd2 Bg6 83. Rg2 Bd3 84.
Rg5+ Kb4 85. Rg3 Kc3 86. Rg2 Rf7+ 87. Ke5 Re7+ 88. Kd6 Re4 89. Kc5 Re5+ 90. Kd6 Ra5 91. Rg3 Kc2 92. Rg2+ Kb3 93. Rb8+ Kc3 94. Rf2 Rh5 95.
Kc6 Be4+ 96. Kd6 Kd4 97. Rc8 c3 98. Re2 Rh6+ 99. Ke7 Bd3 100. Rf2 Rg6 101. Kf7 Rd6 102. Rf4+ Ke3 103. Rh4 Kd2 104. Rh2+ Be2 105. Rxe2+ Kxe2 106. Rxc3 Rd3 107. Rxd3 Kxd3 1/2-1/2

[Event "*** SCC Grand Prix: Titled Tuesday Blitz"]
[Site "Chess.com"]
[Date "2020.08.11"]
[Round "8"]
[White "tk22h"]
[Black "DACF2905"]
[Result "1-0"]
[WhiteElo "2376"]
[BlackElo "2221"]
[TimeControl "180+1"]
[EndTime "11:28:27 PDT"]
[Termination "tk22h won by resignation"]

1. c4 e5 2. Nc3 Nf6 3. Nf3 Nc6 4. g3 Bb4 5. Nd5 Nxd5 6. cxd5 Ne7 7. Nxe5 Nxd5 8. Qb3 d6 9. Qxd5 dxe5 10. Qb5+ Qd7 11.
Qxb4 Qd5 12. e4 1-0

[Event "*** SCC Grand Prix: Titled Tuesday Blitz"]
[Site "Chess.com"]
[Date "2020.08.11"]
[Round "8"]
[White "KaspMagAlpha"]
[Black "pfalcon1949"]
[Result "1-0"]
[WhiteElo "2174"]
[BlackElo "1946"]
[TimeControl "180+1"]
[EndTime "11:29:14 PDT"]
[Termination "KaspMagAlpha won by resignation"]

1. d4 Nf6 2. c4 e6 3. g3 d5 4. Nf3 b6 5. cxd5 Nxd5 6. Bg2 Bb7 7. O-O Be7 8. Bd2 Nd7 9. Qb3 O-O 10. Rc1 N7f6 11.
Ne5 Rc8 12. e4 1-0

[Event "*** SCC Grand Prix: Titled Tuesday Blitz"]
[Site "Chess.com"]
[Date "2020.08.11"]
[Round "8"]
[White "AlexSuv"]
[Black "JoliyRoger"]
[Result "0-1"]
[WhiteElo "2484"]
[BlackElo "2355"]
[TimeControl "180+1"]
[EndTime "11:29:37 PDT"]
[Termination "JoliyRoger won by resignation"]

1. d4 Nf6 2. c4 e6 3. Nc3 Bb4 4. e3 c5 5. Ne2 cxd4 6. exd4 d5 7. a3 Bxc3+ 8. Nxc3 Nc6 9. Be3 O-O 10. Rc1 dxc4 11. Bxc4 Ne7 12. O-O Bd7 13. Bg5 Bc6 14. Bxf6 gxf6 15.
Qg4+ Kh8 16. Rcd1 Rg8 17. Qh3 Rxg2+ 18. Qxg2 Bxg2 19. Kxg2 Qc7 20. Be2 Rg8+ 21. Kh1 Qb6 22. b4 Qc6+ 0-1

[Event "*** SCC Grand Prix: Titled Tuesday Blitz"]
[Site "Chess.com"]
[Date "2020.08.11"]
[Round "8"]
[White "killer311"]
[Black "FMOlexandrProhorov"]
[Result "1-0"]
[WhiteElo "2446"]
[BlackElo "2146"]
[TimeControl "180+1"]
[EndTime "11:29:53 PDT"]
[Termination "killer311 won by resignation"]

1. d4 g6 2. c4 Bg7 3. Nc3 c5 4. d5 Bxc3+ 5. bxc3 Qa5 6. Qc2 f5 7. g3 Nf6 8. Bg2 d6 9. Nf3 Nbd7 10. O-O Nb6 11. Nd2 Bd7 12. e4 fxe4 13. Nxe4 Nxe4 14. Qxe4 Qxc3 15. Bg5 O-O-O 16. Qxe7 Rde8 17. Qxd6 1-0

[Event "*** SCC Grand Prix: Titled Tuesday Blitz"]
[Site "Chess.com"]
[Date "2020.08.11"]
[Round "8"]
[White "MoreChessJulia"]
[Black "MYMChessAcademy"]
[Result "0-1"]
[WhiteElo "1858"]
[BlackElo "2129"]
[TimeControl "180+1"]
[EndTime "11:30:21 PDT"]
[Termination "MYMChessAcademy won by resignation"]

1. d4 Nf6 2. c4 g6 3. f3 Bg7 4. e4 d6 5. Nc3 O-O 6. Bg5 Nc6 7. Nge2 e5 8. d5 Ne7 9. Qd2 Nd7 10. Bh6 f5 11. g3 f4 12. Bxg7 Kxg7 13. gxf4 exf4 14.
Nxf4 Nc5 15. O-O-O a6 16. Be2 b5 17. Rdg1 b4 18.
Nh5+ Kh8 19. Qh6 Rg8 20. Nf6 Rg7 21. Rxg6 Nxg6 22. Nxh7 Rxh7 23. Qxg6 Rg7 24. Qh6+ Kg8 25. Nd1 Qg5+ 0-1

[Event "*** SCC Grand Prix: Titled Tuesday Blitz"]
[Site "Chess.com"]
[Date "2020.08.11"]
[Round "8"]
[White "harkerchess"]
[Black "HanSchut"]
[Result "0-1"]
[WhiteElo "2140"]
[BlackElo "2305"]
[TimeControl "180+1"]
[EndTime "11:30:27 PDT"]
[Termination "HanSchut won by resignation"]

1. d4 Nf6 2. Bg5 d5 3. Bxf6 exf6 4. e3 Bd6 5. c4 dxc4 6. Bxc4 O-O 7. Ne2 c6 8. Nbc3 f5 9. O-O Nd7 10. Bb3 Nf6 11.
Ng3 g6 12. Bc2 h5 13. Nge2 Bxh2+ 14. Kxh2 Ng4+ 15. Kg3 h4+ 16. Kh3 f4 0-1

[Event "*** SCC Grand Prix: Titled Tuesday Blitz"]
[Site "Chess.com"]
[Date "2020.08.11"]
[Round "8"]
[White "GadimbayliA"]
[Black "Micki-taryan"]
[Result "1/2-1/2"]
[WhiteElo "2879"]
[BlackElo "3043"]
[TimeControl "180+1"]
[EndTime "11:30:38 PDT"]
[Termination "Game drawn by repetition"]

1. e4 e5 2. Nf3 Nc6 3. Nc3 Nf6 4. d4 exd4 5. Nxd4 Bb4 6. Nxc6 bxc6 7. Bd3 d5 8. exd5 O-O 9. O-O cxd5 10. Bg5 c6 11.
Qf3 h6 12. Bxf6 Qxf6 13. Qxf6 gxf6 14. Ne2 Rb8 15. Nd4 Bd7 16. Nf5 Bxf5 17. Bxf5 Ba5 18. b3 Rbd8 19. Rad1 Rfe8 20. g3 Kg7 21. Kg2 Re5 22.
Bd3 Rde8 23. Ba6 R8e7 24. f4 Re3 25. Rf3 Rxf3 26. Kxf3 Bb6 27. Kg2 Ba5 28. Kf3 Bb6 29. Kg2 Ba5 30. Kf3 1/2-1/2

[Event "*** SCC Grand Prix: Titled Tuesday Blitz"]
[Site "Chess.com"]
[Date "2020.08.11"]
[Round "8"]
[White "laboratorio25"]
[Black "Volodar_Murzin"]
[Result "0-1"]
[WhiteElo "2429"]
[BlackElo "2676"]
[TimeControl "180+1"]
[EndTime "11:30:40 PDT"]
[Termination "Volodar_Murzin won by resignation"]

1. e4 c5 2. Nf3 d6 3. d4 cxd4 4. Nxd4 Nf6 5. Nc3 a6 6. Be3 e5 7. Nb3 Be6 8. Qd2 Be7 9. f3 b5 10. O-O-O Nbd7 11. g4 O-O 12. g5 Nh5 13. Kb1 Rc8 14.
Bd3 Nb6 15. Qf2 Na4 16. Nd5 Bxd5 17. exd5 Bxg5 18. Rhg1 Bxe3 19. Qxe3 Qf6 20. Nd2 e4 21. c3 exd3 22. Ne4 Qf4 23. Qxd3 Nc5 24. Nxc5 Rxc5 25.
Rg4 Qf6 26. f4 g6 27. f5 Ng7 28. fxg6 fxg6 0-1

[Event "*** SCC Grand Prix: Titled Tuesday Blitz"]
[Site "Chess.com"]
[Date "2020.08.11"]
[Round "8"]
[White "Legendinunknown"]
[Black "Bulldog167"]
[Result "0-1"]
[WhiteElo "2596"]
[BlackElo "2737"]
[TimeControl "180+1"]
[EndTime "11:30:44 PDT"]
[Termination "Bulldog167 won by checkmate"]

1. d4 Nf6 2. c4 e6 3. Nc3 c5 4. d5 exd5 5. cxd5 d6 6. e4 g6 7. Nge2 h5 8. Bg5 Bg7 9. Nc1 O-O 10. Be2 Qe8 11. Bf3 b5 12. Qe2 b4 13. Nb5 Ba6 14. Nxd6 Qe5 15. Qe3 Qxb2 16. Nb3 Ng4 17. Bxg4 Bc3+ 18. Kd1 hxg4 19. Qxc5 Be2# 0-1

[Event "*** SCC Grand Prix: Titled Tuesday Blitz"]
[Site "Chess.com"]
[Date "2020.08.11"]
[Round "8"]
[White "Panterov"]
[Black "TudorAnton"]
[Result "1-0"]
[WhiteElo "2224"]
[BlackElo "2505"]
[TimeControl "180+1"]
[EndTime "11:31:05 PDT"]
[Termination "Panterov won by resignation"]

1. e4 e5 2. Nf3 Nc6 3. d4 exd4 4. Nxd4 Bc5 5. Nf5 g6 6. Ne3 d6 7. Nc3 Nf6 8. Bd3 Ne5 9. O-O Nxd3 10. cxd3 Bb6 11.
Kh1 O-O 12. f4 Bxe3 13. Bxe3 Ng4 14. Bg1 f5 15. h3 Qh4 16. Nd5 Rf7 17. Qb3 c6 18. Nc3 fxe4 19. Nxe4 d5 20. Ng5 Rf6 21. Rae1 h6 22. Re8+ Kg7 23. Nf3 Qh5 24. Qc3 Kf7 25.
Rfe1 Re6 26. R1xe6 Bxe6 27. Rxa8 1-0

[Event "*** SCC Grand Prix: Titled Tuesday Blitz"]
[Site "Chess.com"]
[Date "2020.08.11"]
[Round "8"]
[White "GigaQuparadze"]
[Black "carlsen1001"]
[Result "1-0"]
[WhiteElo "2911"]
[BlackElo "2426"]
[TimeControl "180+1"]
[EndTime "11:31:07 PDT"]
[Termination "GigaQuparadze won by resignation"]

1. e4 c5 2. Nc3 Nc6 3. Bb5 g6 4. Bxc6 dxc6 5. d3 Bg7 6. Be3 b6 7. Qd2 e5 8. f4 exf4 9. Bxf4 h6 10. Nf3 Ne7 11. O-O g5 12. Be3 O-O 13. h4 g4 14. Nh2 Kh7 15. Ne2 f5 16. Ng3 fxe4 17.
Rxf8 Qxf8 18. dxe4 Be6 19. Rf1 Qd8 20. Qe2 Qd6 21. Nh5 Ng6 22. Nxg4 Rf8 23. Ngf6+ Kh8 24. Nxg7 Kxg7 25. Bxh6+ Kxh6 26. Qh5+ 1-0

[Event "*** SCC Grand Prix: Titled Tuesday Blitz"]
[Site "Chess.com"]
[Date "2020.08.11"]
[Round "8"]
[White "coalescenet"]
[Black "GMaka"]
[Result "0-1"]
[WhiteElo "1958"]
[BlackElo "2351"]
[TimeControl "180+1"]
[EndTime "11:31:07 PDT"]
[Termination "GMaka won by resignation"]

1. d4 e6 2. c4 b6 3. Nf3 Bb7 4.
Qc2 f5 5. Nc3 Nf6 6. b3 Bb4 7.
Bd2 O-O 8. a3 Bxc3 9. Bxc3 Ne4 10. g3 Nxc3 11. Qxc3 d6 12. Bg2 Nd7 13. O-O Be4 14.
Rfe1 c6 15. Nd2 Bxg2 16. Kxg2 e5 17. e4 f4 18. Nf1 Qf6 19. Rad1 fxg3 20. Qxg3 exd4 21.
Rd2 c5 22. h4 Ne5 23. Nh2 Qf4 24. Rde2 Ng6 25. h5 Qxg3+ 26. Kxg3 Nf4 0-1

[Event "*** SCC Grand Prix: Titled Tuesday Blitz"]
[Site "Chess.com"]
[Date "2020.08.11"]
[Round "8"]
[White "M1711"]
[Black "MNyuyu"]
[Result "1-0"]
[WhiteElo "2468"]
[BlackElo "2341"]
[TimeControl "180+1"]
[EndTime "11:31:11 PDT"]
[Termination "M1711 won by checkmate"]

1. e4 d5 2. exd5 Qxd5 3. Nc3 Qd8 4. d4 c6 5. Nf3 Bg4 6. h3 Bh5 7. g4 Bg6 8. h4 h6 9. Ne5 Bh7 10. Qf3 f6 11. Nc4 Bxc2 12. Bd3 Bxd3 13. Qxd3 Kf7 14. h5 e6 15. Qg6+ Ke7 16. Bf4 Kd7 17. O-O-O Kc8 18. Rhe1 Ne7 19. Qf7 Nd7 20. Nd6+ Kc7 21. Qxe6 Kb6 22. Qb3+ Ka6 23. Qxb7+ Ka5 24. b4# 1-0

[Event "*** SCC Grand Prix: Titled Tuesday Blitz"]
[Site "Chess.com"]
[Date "2020.08.11"]
[Round "8"]
[White "FairChess_on_YouTube"]
[Black "12teen"]
[Result "1-0"]
[WhiteElo "2980"]
[BlackElo "2683"]
[TimeControl "180+1"]
[EndTime "11:31:13 PDT"]
[Termination "FairChess_on_YouTube won by resignation"]

1. Nc3 b6 2. e4 Bb7 3. d4 e6 4. Nf3 Nf6 5. e5 Nd5 6. Nxd5 Bxd5 7. Bd3 Bb7 8. Ng5 d6 9. O-O dxe5 10. dxe5 Qd5 11. Qg4 Nc6 12. Be4 Qd7 13. Rd1 Qe7 14.
Qf3 Nxe5 15. Bxb7 Nxf3+ 16. Bxf3 Qc5 17. Be3 Qc4 18. b3 Qc3 19. Bxa8 Bd6 20. Ne4 Qxc2 21.
Rd2 Qxd2 1-0

[Event "*** SCC Grand Prix: Titled Tuesday Blitz"]
[Site "Chess.com"]
[Date "2020.08.11"]
[Round "8"]
[White "Sekar24"]
[Black "PavelChernomordik"]
[Result "1-0"]
[WhiteElo "2513"]
[BlackElo "2363"]
[TimeControl "180+1"]
[EndTime "11:31:21 PDT"]
[Termination "Sekar24 won by resignation"]

1. e4 g6 2. d4 Bg7 3. Nf3 d6 4. Nc3 a6 5. Be3 b5 6. Bd3 Bb7 7. O-O Nd7 8. a4 b4 9. Ne2 c5 10. c3 bxc3 11. bxc3 Qc7 12. Ng3 Ngf6 13. h3 O-O 14.
Qd2 e5 15. d5 c4 16. Bc2 a5 17.
Bh6 Rfb8 18. Qg5 Bh8 19. Nh4 Nc5 20. f4 Re8 21. f5 Qd8 22. fxg6 fxg6 23. Nxg6 Kf7 24.
Nxh8+ Rxh8 25. Qg7+ 1-0

[Event "*** SCC Grand Prix: Titled Tuesday Blitz"]
[Site "Chess.com"]
[Date "2020.08.11"]
[Round "8"]
[White "Politov_Pavel"]
[Black "Rainmond"]
[Result "0-1"]
[WhiteElo "2126"]
[BlackElo "2689"]
[TimeControl "180+1"]
[EndTime "11:31:25 PDT"]
[Termination "Rainmond won by checkmate"]

1. d4 Nf6 2. Nf3 e6 3. Bg5 Be7 4. Nbd2 d5 5. e3 Nbd7 6. Bd3 b6 7. c3 Bb7 8. O-O h6 9. Bh4 c5 10. a4 a6 11. Ne5 Nxe5 12. dxe5 Nd7 13. Bxe7 Qxe7 14.
f4 g5 15. Qe2 h5 16. c4 g4 17.
cxd5 exd5 18. e4 c4 19. Bxc4 dxc4 20. Nxc4 Rh6 21. Nd6+ Rxd6 22. exd6 Qxe4 23. Qd2 Qd5 24. Rfe1+ Kf8 25. Qc3 Qxg2# 0-1

[Event "*** SCC Grand Prix: Titled Tuesday Blitz"]
[Site "Chess.com"]
[Date "2020.08.11"]
[Round "8"]
[White "MPGM"]
[Black "Fortitudine"]
[Result "1-0"]
[WhiteElo "2451"]
[BlackElo "2259"]
[TimeControl "180+1"]
[EndTime "11:31:27 PDT"]
[Termination "MPGM won by resignation"]

1. d4 Nf6 2. c4 c5 3. Nf3 cxd4 4. Nxd4 e5 5. Nb5 d5 6. cxd5 Bc5 7. e3 O-O 8. Be2 e4 9. N5c3 Bf5 10. b3 Nbd7 11. Bb2 Qe7 12. O-O Ne5 13. Nd2 a6 14. Nc4 Nxc4 15.
bxc4 Bd6 16. h3 Qe5 17. f4 exf3 18. Rxf3 Qh2+ 19. Kf2 Ne4+ 20. Nxe4 Bxe4 21. Qd4 1-0

[Event "*** SCC Grand Prix: Titled Tuesday Blitz"]
[Site "Chess.com"]
[Date "2020.08.11"]
[Round "8"]
[White "GMKrikor"]
[Black "Isajevsky_Anton"]
[Result "1-0"]
[WhiteElo "2738"]
[BlackElo "2610"]
[TimeControl "180+1"]
[EndTime "11:31:32 PDT"]
[Termination "GMKrikor won by resignation"]

1. e4 c5 2. Nf3 d6 3. d4 cxd4 4. Nxd4 Nf6 5. Nc3 a6 6. Be3 e5 7. Nb3 Be6 8. f3 Nbd7 9. g4 Be7 10. Qd2 O-O 11. g5 Nh5 12. O-O-O f5 13. h4 Rc8 14. Rg1 f4 15. Bf2 Re8 16. Nd5 Bf8 17. Kb1 g6 18. Na5 b6 19. Nb7 1-0

[Event "*** SCC Grand Prix: Titled Tuesday Blitz"]
[Site "Chess.com"]
[Date "2020.08.11"]
[Round "8"]
[White "hansen"]
[Black "Shota_Azaladze"]
[Result "1-0"]
[WhiteElo "2923"]
[BlackElo "2680"]
[TimeControl "180+1"]
[EndTime "11:31:34 PDT"]
[Termination "hansen won by resignation"]

1. e4 g6 2. d4 Bg7 3. Nf3 c6 4. c3 d6 5. Nbd2 e5 6. Bd3 Nd7 7. O-O Ngf6 8. a4 O-O 9. Re1 Re8 10. Nc4 Qc7 11. dxe5 dxe5 12. b4 b6 13. Bc2 Bf8 14. Bb3 a6 15. Ng5 b5 16. Na3 Re7 17. axb5 cxb5 18.
Nxb5 Qc6 19. Nd6 Qxc3 20. Bd2 Qd4 21. Ngxf7 Nb6 22. Nxc8 Nxc8 23. Nxe5+ Kh8 24. Nc6 Qb6 25. Nxe7 Nxe7 26. Qf3 Bg7 27. e5 Nfd5 28. Bxd5 Rf8 29. Be3 1-0

[Event "*** SCC Grand Prix: Titled Tuesday Blitz"]
[Site "Chess.com"]
[Date "2020.08.11"]
[Round "8"]
[White "MarceloPlaya"]
[Black "Mikhail_Golubev"]
[Result "0-1"]
[WhiteElo "2337"]
[BlackElo "2574"]
[TimeControl "180+1"]
[EndTime "11:31:41 PDT"]
[Termination "Mikhail_Golubev won by resignation"]

1. e4 c5 2. Nf3 d6 3. d4 Nf6 4. Nc3 cxd4 5. Nxd4 g6 6. Be3 Bg7 7. Bc4 O-O 8. f3 Nc6 9. Qd2 Bd7 10. O-O-O Rb8 11. h4 b5 12. Ndxb5 Ne5 13. Be2 Qa5 14. Nd4 Rfc8 15. Nb3 Rxb3 16. axb3 Qa1+ 17. Nb1 Nxe4 18. fxe4 Nc4 19. Qd4 Qxb2+ 0-1

[Event "*** SCC Grand Prix: Titled Tuesday Blitz"]
[Site "Chess.com"]
[Date "2020.08.11"]
[Round "8"]
[White "Mikhal867"]
[Black "barbara25"]
[Result "0-1"]
[WhiteElo "2343"]
[BlackElo "2210"]
[TimeControl "180+1"]
[EndTime "11:31:41 PDT"]
[Termination "barbara25 won by resignation"]

1. e4 c5 2. Nf3 d6 3. d4 cxd4 4. Nxd4 Nf6 5. Nc3 a6 6. h3 e5 7. Nde2 Be7 8. g4 h6 9. Bg2 Be6 10. Be3 Nbd7 11. O-O Rc8 12. f4 exf4 13. Nxf4 Ne5 14.
Nfd5 Nxd5 15. exd5 Bd7 16. Bd4 O-O 17. Bxe5 dxe5 18.
d6 Bg5 19. Bxb7 Qb6+ 20. Kh2 Qxb7 21. Qd5 Qxd5 22. Nxd5 Rxc2+ 23. Kg3 Bc6 24. Ne7+ Bxe7 25. dxe7 Re8 26. Rac1 Rg2+ 27. Kh4 Be4 28. Rfe1 Bg6 29. Rxe5 Rxb2 30. a4 Rb7 31. Rce1 f6 32. Re6 Rb3 33. Rxa6 Bf7 34. g5 hxg5+ 35. Kg4 Kh7 36. Rd6 Kg6 37.
Rd8 Rb4+ 38. Kg3 Rxa4 39. Rxe8 Bxe8 40. Rd1 Kf7 41. Re1 Ra7 42. Rc1 Rxe7 43. Rc8 Kg6 44. Rd8 f5 45. Rd6+ Kh5 0-1

[Event "*** SCC Grand Prix: Titled Tuesday Blitz"]
[Site "Chess.com"]
[Date "2020.08.11"]
[Round "8"]
[White "Aguiar94"]
[Black "DrMamaliga"]
[Result "1-0"]
[WhiteElo "2452"]
[BlackElo "2201"]
[TimeControl "180+1"]
[EndTime "11:31:43 PDT"]
[Termination "Aguiar94 won by resignation"]

1. e4 e5 2. Nf3 Nc6 3. Nc3 Nf6 4.
Bb5 Nd4 5. Ba4 Bc5 6. Nxe5 O-O 7.
Nd3 Bb6 8. e5 Qe7 9. O-O Ne8 10.
Nd5 Qe6 11. Ne3 g6 12. c3 Nf5 13. Nxf5 Qxf5 14. Bc2 Ng7 15. Qe2 Re8 16. Re1 d6 17.
Nb4 Qd7 18. d4 dxe5 19. dxe5 a5 20.
Nd3 Nf5 21. Bg5 h6 22. Bf6 Qc6 23. Nf4 Bd7 24. a4 Bc5 25. Bd3 Bf8 26. Bb5 1-0

[Event "*** SCC Grand Prix: Titled Tuesday Blitz"]
[Site "Chess.com"]
[Date "2020.08.11"]
[Round "8"]
[White "chess_rehab"]
[Black "StellarChessPro"]
[Result "0-1"]
[WhiteElo "2289"]
[BlackElo "2522"]
[TimeControl "180+1"]
[EndTime "11:31:47 PDT"]
[Termination "StellarChessPro won by resignation"]

1. e4 g6 2. d4 Bg7 3. Nc3 d6 4. f4 Nf6 5. Nf3 O-O 6. Bd3 c5 7.
dxc5 dxc5 8. e5 Nd5 9. Nxd5 Qxd5 10. Qe2 Nc6 11. Be4 Qd8 12. Be3 Qa5+ 13. c3 Rd8 14. h4 h5 15. Ng5 Nd4 16. Bxd4 cxd4 17. e6 f5 18. b4 Qa3 19. Rc1 Qxc1+ 20. Kf2 Qxh1 21.
Bxf5 Qxh4+ 22. g3 Qh2+ 23. Kf3 Qxe2+ 24. Kxe2 gxf5 0-1

[Event "*** SCC Grand Prix: Titled Tuesday Blitz"]
[Site "Chess.com"]
[Date "2020.08.11"]
[Round "8"]
[White "UKR_Master"]
[Black "Yoshikrov"]
[Result "1-0"]
[WhiteElo "2297"]
[BlackElo "2137"]
[TimeControl "180+1"]
[EndTime "11:31:55 PDT"]
[Termination "UKR_Master won on time"]

1. e4 c5 2. Nf3 d6 3. d4 cxd4 4. Nxd4 Nf6 5. f3 a6 6. c4 e6 7.
Nc3 Be7 8. Be3 Nc6 9. Nc2 b6 10. Be2 O-O 11. O-O Bb7 12. Rc1 Qc7 13. a3 Rad8 14. Na1 Ne5 15. f4 Nc6 16. Bf3 Rfe8 17. b4 Na7 18. Nb3 d5 19. cxd5 exd5 20. Nxd5 Qb8 21.
Bxb6 Rd7 22. Nxf6+ 1-0

[Event "*** SCC Grand Prix: Titled Tuesday Blitz"]
[Site "Chess.com"]
[Date "2020.08.11"]
[Round "8"]
[White "GMHess"]
[Black "IANOV0007"]
[Result "0-1"]
[WhiteElo "2781"]
[BlackElo "2492"]
[TimeControl "180+1"]
[EndTime "11:31:56 PDT"]
[Termination "IANOV0007 won by resignation"]

1. d4 d6 2. e4 Nf6 3. Nc3 c6 4. f4 Qb6 5. Nf3 Bg4 6. Be2 Bxf3 7. Bxf3 e5 8. fxe5 dxe5 9. dxe5 Nfd7 10. e6 fxe6 11. Bg4 Bc5 12. Bxe6 Bf2+ 13. Ke2 Rf8 14. Rf1 Qc5 15. Bf5 Bd4 16. Qd2 g6 17. Bxd7+ Nxd7 18. Rxf8+ Nxf8 19. Qg5 Qc4+ 20. Kf3 Bxc3 21. bxc3 Qxc3+ 22.
Kg4 Qxa1 23. Ba3 Qd1+ 24. Kh4 Qh5+ 25. Qxh5 0-1